 Dungeon Crawl Stone Soup version 0.21-a0-55-gb612c23 (webtiles) character file.

17043325 kuniqs the Intangible (level 27, 174/174 HPs)
             Began as a Vine Stalker Fighter on June 15, 2017.
             Was a Follower of Uskayaw.
             Escaped with the Orb
             ... and 14 runes!
             The game lasted 03:53:46 (79832 turns).

kuniqs the Intangible (Vine Stalker Fighter)       Turns: 79832, Time: 03:53:47

Health: 174/174    AC: 45    Str: 28    XL:     27
Magic:  45/45      EV: 35    Int: 14    God:    Uskayaw [*.....]
Gold:   6675       SH: 35    Dex: 22    Spells: 26/26 levels left

rFire    + . .     SeeInvis +   z - +8 rapier of Insufficient Pleasure {speed, rC+}
rCold    + + +     Gourm    .   Z - +7 large shield "Vacoigiy" {Str+3}
rNeg     + + +     Faith    +   u - +10 pearl dragon scales
rPois    +         Spirit   +   V - +2 hat "Besett" {Int+3}
rElec    +         Reflect  .   Y - +2 cloak {rF+}
rCorr    .         Harm     .   o - +1 pair of gloves of Watchfulness {-Cast rN++ Dex+3 SInv}
MR       ++++.     NoCast   +   I - +2 pair of boots of Duty {+Fly Slay+3}
Stlth    +++.......             y - amulet of faith
HPRegen  1.19/turn              O - ring of Nusaozel {rPois Slay+5}
MPRegen  0.29/turn              H - ring "Onuggimm" {rC+++ Int+3 Slay+4 Stlth-}

@: no status effects
A: fangs 3, repulsion field 1, blink, cold resistance 1, high mp 1, magic
resistance 1, regeneration 2, screaming 1, electricity resistance, weak 1, magic
shield, antimagic bite, no potion heal 3, rot immunity, subdued magic 1
0: Orb of Zot
}: 14/15 runes: decaying, serpentine, slimy, silver, golden, iron, obsidian,
icy, bone, abyssal, demonic, glowing, magical, dark
a: Blink, Stomp, Renounce Religion, Evoke Flight


You escaped.
You worshipped Uskayaw.
Uskayaw was exalted by your worship.
You were not hungry.

You visited 18 branches of the dungeon, and saw 90 of its levels.
You visited Pandemonium 1 time, and saw 34 of its levels.
You visited the Abyss 2 times.
You completed 1 ziggurat, and saw 27 of its levels.
You also visited: Trove, Sewer, Ossuary, Volcano and Wizlab.

You collected 11500 gold pieces.
You spent 4825 gold pieces at shops.

Inventory:

Hand Weapons
 z - the +8 rapier of Insufficient Pleasure (weapon) {speed, rC+}
   (You found it in Pandemonium)

   Attacks with this weapon are significantly faster.
   It protects you from cold.
 G - a +3 quick blade
 L - the +8 scimitar of the Big Bang {vamp, Str+5}
   (You found it on level 20 of a ziggurat)

   It inflicts no extra harm, but heals its wielder when it wounds a living foe.
   It affects your strength (+5).
Missiles
 Q - 4 throwing nets (quivered)
Armour
 o - the +1 pair of gloves of Watchfulness (worn) {-Cast rN++ Dex+3 SInv}
   (You found it on level 3 of the Tomb of the Ancients)

   It affects your dexterity (+3).
   It greatly protects you from negative energy.
   It lets you see invisible.
   It prevents spellcasting.
 u - +10 pearl dragon scales (worn)
 I - the +2 pair of boots of Duty (worn) {+Fly Slay+3}
   (You acquired it on level 2 of the Depths)

   It affects your accuracy and damage with ranged weapons and melee attacks
   (+3).
   It lets you fly.
 V - the +2 hat "Besett" (worn) {Int+3}
   (You acquired it in Pandemonium)

   It affects your intelligence (+3).
 Y - a +2 cloak of fire resistance (worn)
 Z - the +7 large shield "Vacoigiy" (worn) {Str+3}
   (You found it on level 3 of the Crypt)

   It affects your strength (+3).
Jewellery
 y - an amulet of faith (around neck)
 D - the ring of Patience {rElec rPois rF+++ rC++ MR+ Str-3}
   (You took it off Antaeus on level 7 of Cocytus)

   [ring of protection from magic]

   It affects your strength (-3).
   It renders you almost immune to fire.
   It greatly protects you from cold.
   It insulates you from electricity.
   It protects you from poison.
   It affects your resistance to hostile enchantments.
 H - the ring "Onuggimm" (right hand) {rC+++ Int+3 Slay+4 Stlth-}
   (You found it on level 16 of a ziggurat)

   [ring of loudness]

   It affects your intelligence (+3).
   It affects your accuracy and damage with ranged weapons and melee attacks
   (+4).
   It renders you almost immune to cold.
   It makes you less stealthy.
 O - the ring of Nusaozel (left hand) {rPois Slay+5}
   (You found it on level 7 of Tartarus)

   [ring of poison resistance]

   It affects your accuracy and damage with ranged weapons and melee attacks
   (+5).
   It protects you from poison.
Wands
 p - a wand of lightning (2/15)
 w - a wand of digging (4/24)
 F - a wand of paralysis (20/24)
 J - a wand of clouds (7/9)
Scrolls
 e - 3 scrolls of silence
 h - 35 scrolls of teleportation
 k - 40 scrolls of remove curse {@r2}
 r - 14 scrolls of blinking
 v - 9 scrolls of holy word
 x - 10 scrolls of magic mapping
 B - 11 scrolls of recharging
 C - 12 scrolls of enchant armour
 E - 9 scrolls of fog
 K - 11 scrolls of fear
 N - 5 scrolls of immolation
 R - 4 scrolls of summoning
 S - 14 scrolls of enchant weapon
 W - 3 scrolls of identify {@r1}
Potions
 a - 6 potions of agility
 b - 14 potions of mutation
 i - 11 potions of haste
 l - 2 potions of might
 m - a potion of cancellation
 q - 20 potions of curing {@q1}
 s - 3 potions of invisibility
 P - 3 potions of ambrosia
 T - 6 potions of berserk rage
 U - 5 potions of flight
Miscellaneous
 c - 6 sacks of spiders
 g - a fan of gales
 j - a lamp of fire
 t - a lightning rod (4/4)
 A - 2 +1 figurines of a ziggurat
 M - 12 boxes of beasts
Comestibles
 d - 32 bread rations
 f - 106 fruits
 n - 35 royal jellies


   Skills:
 O Level 27 Fighting
 - Level 14.0 Short Blades
 - Level 0.3(9.3) Long Blades
 O Level 27 Armour
 O Level 27 Dodging
 O Level 27 Stealth
 O Level 27 Shields
 O Level 27 Invocations
 + Level 11.1 Evocations


You had 26 spell levels left.
You didn't know any spells.

Dungeon Overview and Level Annotations

Branches:
Dungeon (15/15)            Temple (1/1) D:4            Lair (6/6) D:11
  Swamp (4/4) Lair:4        Snake (4/4) Lair:4        Slime (5/5) Lair:6
    Orc (2/2) D:12            Elf (3/3) Orc:2        Vaults (5/5) D:13
  Crypt (3/3) Vaults:3       Tomb (3/3) Crypt:3      Depths (5/5) D:15
   Hell (1/1)                 Dis (7/7) Hell            Geh (7/7) Hell
    Coc (7/7) Hell            Tar (7/7) Hell            Zot (5/5) Depths:5

Altars:
Hepliaklqana
Kikubaaqudgha
Makhleb
Nemelex Xobeh
Okawaru
Qazlal
Uskayaw
Vehumet
Wu Jian
Xom
Zin
Jiyva

Shops:
D:6 (   D:7 =?=(=   D:11 ?   D:13 ?   D:15 !   Orc:2 **[([?=(   Elf:3 }
Snake:3 }=}   Vaults:1 [   Vaults:2 %   Vaults:5 (   Depths:2 ?}%

Portals:
Hell: Depths:1 Depths:2 Depths:3 Depths:4 Depths:5
Abyss: Depths:2 Depths:4
Pandemonium: Depths:3

Annotations:
D:5 exclusion: statue
D:6 exclusion: oklob plant
D:12 Kenran's ghost, journeyman DEIE
Swamp:1 exclusion: Roxanne, Roxanne
Swamp:2 exclusion: oklob plant


Innate Abilities, Weirdness & Mutations

You have razor-sharp teeth.
You heal very quickly.
When hurt, damage is shared between your health and your magic reserves.
Your bite disrupts and absorbs the magic of your enemies.
Potions cannot restore your health.
You are immune to rotting.
You are surrounded by a mild repulsion field. (EV +2)
You can translocate small distances at will.
Your flesh is cold resistant. (rC+)
You have an increased reservoir of magic. (+10% MP)
You are resistant to hostile enchantments. (MR+)
You occasionally shout uncontrollably at your foes.
You are resistant to electric shocks. (rElec)
You are weak. (Str -2)
Your spells are a little easier to cast, but a little less powerful.


Message History

You can no longer pass through a line of other dancers.
There is a stone staircase leading up here.
You climb upwards.
There is a stone staircase leading down here.
A rat comes into view.
You catch the helpless rat completely off-guard!
You spit the rat like a pig!!!!
You kill the rat!
No target in view!
(D) Dungeon (T) Temple (L) Lair (S) Swamp (P) Snake Pit (M) Slime Pits (O) Orcish Mines (E) Elven Halls (V) Vaults (C) Crypt (W) Tomb (U) Depths (H) Hell (I) Dis (G) Gehenna (X) Cocytus (Y) Tartarus (Z) Zot
Where to? (Enter - D:1, ? - help)
There is a stone staircase leading up here.
You climb upwards.
There is a stone staircase leading down here.
There is a staircase leading out of the dungeon here.
You have escaped!

#####.##
#..#
##.##
#..#
##.##
#..#
######.#
#....§.#
#@...§.#
#>.....#
#......#
########


There were no monsters in sight!

Vanquished Creatures
  Cerebov (Pan)
  Antaeus (Coc:7)
  Asmodeus (Geh:7)
  the Royal Jelly (Slime:5)
  Ereshkigal (Tar:7)
  Gloorx Vloq (Pan)
  Mnoleg (Pan)
  Lom Lobon (Pan)
  the Serpent of Hell (Coc:7)
  Dispater (Dis:7)
  Mara (Snake:4)
  3 orbs of fire
  14 ancient liches
  Mennas (Vaults:5)
  The ghost of Qrupt the Slayer, a legendary BaWn of Cheibriados (Zig:9)
  A juggernaut (Depths:5)
  26 pandemonium lords
  14 greater mummies
  17 shard shrikes
  Boris (twice) (Crypt:2 Tomb:3)
  Bai Suzhen (Depths:2)
  Sojobo (Depths:2)
  Frederick (Crypt:3)
  Margery (Crypt:1)
  the Lernaean hydra (Swamp:4)
  Saint Roka (Vaults:3)
  3 curse toes
  15 Killer Klowns
  Xtahua (Vaults:2)
  Geryon (Hell)
  15 golden dragons
  the Enchantress (Depths:2)
  10 bone dragons
  4 profane servitors
  8 doom hounds
  14 Brimstone Fiends
  2 electric golems (Zot:5)
  12 liches
  3 iron giants
  4 hellephants
  36 Tzitzimimeh
  Jorgrun (Swamp:3)
  24 tentacled monstrosities
  28 Orb Guardians
  22 Ice Fiends
  16 Hell Sentinels
  18 deep elf master archers
  A moon troll (WizLab)
  23 deep elf blademasters
  4 titans
  4 quicksilver dragons
  31 acid blobs
  20 ancient champions
  9 tentacled starspawn
  A quicksilver dragon (shapeshifter) (Zig:22)
  2 eldritch tentacles
  29 Executioners
  15 storm dragons
  19 death cobs
  9 sphinxes
  Frances (D:14)
  7 thorn hunters
  6 tengu reavers
  A shadow dragon (shapeshifter) (Zig:22)
  9 revenants
  Donald (Swamp:1)
  12 azure jellies
  Kirke (Swamp:4)
  23 shadow dragons
  13 draconian monks
  16 frost giants
  An orc warlord (Orc:1)
  18 draconian knights
  A daeva (Zig:8)
  28 nagarajas
  5 deep elf sorcerers
  12 draconian scorchers
  A frost giant (shapeshifter) (Zig:22)
  4 iron dragons
  10 fire giants
  A caustic shrike zombie (Hell)
  31 balrugs
  3 ghost moths
  6 curse skulls
  20 cacodemons
  15 vault wardens
  8 draconian shifters
  An emperor scorpion (Zig:11)
  16 warmongers
  3 angels
  7 draconian annihilators
  A juggernaut zombie (Depths:3)
  15 ironheart preservers
  2 spectral caustic shrikes (Zig:25)
  5 deep elf elementalists
  3 spriggan defenders (Depths:2)
  13 war gargoyles
  29 very ugly things
  16 draconian stormcallers
  A caustic shrike skeleton (Depths:4)
  31 stone giants
  3 elemental wellsprings
  8 ghouls
  5 entropy weavers
  23 black suns
  70 reapers
  4 ophanim
  An entropy weaver (shapeshifter) (Zig:16)
  17 corrupters
  12 green draconians
  17 blood saints
  10 purple draconians
  20 bennus
  3 apis (Zig:8)
  26 deep elf demonologists
  10 black draconians
  10 vampire knights
  35 deep elf annihilators
  19 lorocyprocas
  A spark wasp (Zig:6)
  6 white draconians
  5 red draconians
  11 dire elephants
  8 eidola
  12 yellow draconians
  10 death oozes
  11 ettins
  20 green deaths
  3 crystal guardians
  4 quicksilver dragon zombies
  27 blizzard demons
  9 deep elf death magi
  A fire dragon (shapeshifter) (Zig:22)
  8 fire dragons
  6 jiangshi
  19 yaktaur captains
  27 deep elf high priests
  23 mummy priests
  16 great orbs of eyes
  Josephine (D:14)
  4 kraken zombies
  17 naga warriors
  10 rakshasas
  5 ghost crabs
  14 hell beasts
  43 vault guards
  4 quicksilver dragon skeletons
  30 hydras
  24 ice dragons
  10 monstrous demonspawn
  3 spriggan air magi
  6 death knights
  A catoblepas (Lair:6)
  10 centaur warriors
  23 alligators
  50 dancing weapons
  Erica (D:10)
  20 death scarabs
  32 two-headed ogres
  5 tengu warriors
  8 vampire magi
  17 anacondas
  17 ogre magi
  5 hell hogs
  A satyr (shapeshifter) (Zig:24)
  11 deep troll shamans
  3 spectral storm dragons
  8 deep troll earth magi
  6 death yaks
  9 shock serpents
  4 thrashing horrors
  4 orc high priests
  18 naga sharpshooters
  A shock serpent (shapeshifter) (Zig:23)
  3 storm dragon zombies
  4 spriggan berserkers
  18 spriggans
  6 titan zombies
  60 sun demons
  6 wretched stars
  25 deep elf knights
  9 iron trolls
  Nergalle (D:10)
  63 soul eaters
  15 small abominations
  A fire crab (shapeshifter) (Depths:3)
  2 titan skeletons
  30 hell knights
  2 iron golems
  7 sea snakes (Snake:4)
  5 salamander mystics
  81 skeletal warriors
  5 spatial maelstroms
  54 shadow wraiths
  10 death drakes
  35 sixfirhies
  12 torturous demonspawn (Pan)
  3 ghost moth zombies
  A spark wasp zombie (D:15)
  An orange crystal statue (WizLab)
  30 shadow demons
  10 wizards
  2 cherubim
  5 unseen horrors
  5 storm dragon skeletons
  6 spriggan druids
  6 anaconda zombies
  14 glowing orange brains
  15 gelid demonspawn (Pan)
  4 golden dragon zombies
  41 starcursed masses
  13 naga ritualists
  A spectral iron dragon (Crypt:3)
  A kraken simulacrum (Hell)
  14 infernal demonspawn (Pan)
  19 flayed ghosts
  A death drake (shapeshifter) (Vaults:1)
  11 shambling mangroves
  28 deep elf archers
  22 swamp dragons
  3 anaconda skeletons
  A wolf spider zombie (Geh:6)
  2 sphinx zombies
  35 deep trolls
  2 lindwurms (Lair:6)
  A mana viper (shapeshifter) (Zig:16)
  7 shadow dragon zombies
  17 orc knights
  2 harpies (shapeshifter)
  28 phantasmal warriors
  3 orb spiders
  16 ironbrand convokers
  5 stone giant zombies
  24 mana vipers
  6 orc sorcerers
  2 golden dragon skeletons
  93 deep elf magi
  5 iron dragon zombies
  43 ugly things
  9 harpies
  8 oklob plants
  A spectral ice dragon (Crypt:3)
  A cyclops (shapeshifter) (Zig:26)
  12 necromancers
  A manticore (shapeshifter) (Vaults:3)
  4 shining eyes
  5 manticores
  9 frost giant zombies
  4 shadow dragon skeletons
  37 large abominations
  A spectral ettin (Crypt:3)
  27 moths of wrath
  6 cyclopes
  2 iron dragon skeletons
  A salamander (shapeshifter) (Vaults:1)
  6 wolf spiders
  4 worldbinders
  5 fire giant zombies
  12 elephants
  8 salamanders
  5 centaur zombies
  A shock serpent zombie (Tar:7)
  An elephant (shapeshifter) (Vaults:5)
  5 fire giant skeletons
  Maurice (D:8)
  2 dire elephant zombies
  The ghost of Kidiri the Thaumaturge, a novice DEFE of Vehumet (D:5)
  7 stone giant skeletons
  3 apocalypse crabs
  17 guardian serpents
  16 rust devils
  32 smoke demons
  3 spectral elves (Zig:25)
  13 eyes of devastation
  3 spriggan zombies
  A black mamba (shapeshifter) (Elf:1)
  4 ice statues
  3 gargoyles (Volcano)
  25 naga magi
  58 black mambas
  A frost giant skeleton (Coc:7)
  9 molten gargoyles
  14 vault sentinels
  2 dire elephant skeletons
  2 emperor scorpion zombies
  5 torpor snails
  22 spiny frogs
  22 orange demons
  5 spectral swamp worms (Depths:2)
  30 freezing wraiths
  3 rime drakes
  3 shock serpent skeletons
  A komodo dragon (shapeshifter) (Zig:16)
  A rime drake (shapeshifter) (Vaults:1)
  38 ice devils
  9 komodo dragons
  3 catoblepas zombies
  7 kobold demonologists
  46 yaktaurs
  A yaktaur skeleton (Zig:2)
  32 hellions
  29 tormentors
  13 demonic crawlers
  8 efreet
  An anaconda simulacrum (Crypt:1)
  49 guardian mummies
  A golden dragon simulacrum (Zig:15)
  31 red devils
  3 silent spectres
  A spectral merfolk (Crypt:3)
  3 tengu conjurers
  A pale draconian skeleton (Crypt:1)
  21 hellwings
  13 trolls
  8 hydra zombies
  11 tyrant leeches
  A queen bee (shapeshifter) (Zig:22)
  A troll (shapeshifter) (Zig:23)
  A minotaur zombie (Tar:3)
  7 jumping spiders
  A tyrant leech (shapeshifter) (Depths:5)
  A meliai (shapeshifter) (Vaults:1)
  4 polar bears
  7 ancient zymes
  30 hornets
  A wind drake (shapeshifter) (Vaults:3)
  A sphinx simulacrum (Zig:15)
  4 harpy skeletons
  Prince Ribbit (D:6)
  10 raiju
  4 ettin zombies
  A wolf spider simulacrum (Crypt:1)
  Grinder (D:3)
  8 hydra skeletons
  15 bog bodies
  A frost giant simulacrum (Vaults:2)
  6 blink frogs
  3 blink frogs (shapeshifter)
  2 hippogriffs (shapeshifter)
  2 deep troll zombies
  A guardian serpent zombie (Crypt:2)
  2 iron dragon simulacra
  94 slime creatures
  4 dream sheep (Lair:6)
  4 alligator skeletons
  3 alligator zombies
  A centaur simulacrum (D:15)
  8 hippogriffs
  6 fire dragon zombies
  2 meliai zombies (D:13)
  20 water elementals
  6 air elementals
  6 ettin skeletons
  112 flying skulls
  11 redbacks
  32 wraiths
  18 ynoxinuls
  2 ice dragon skeletons
  26 shadows
  2 spriggans (shapeshifter)
  7 ushabtiu
  3 wyverns
  A redback (shapeshifter) (Vaults:5)
  4 tarantellas
  37 yaks
  A vampire (D:14)
  A tarantella (shapeshifter) (Vaults:4)
  18 fire elementals
  3 humans (Zot:1)
  3 black mamba skeletons
  A fire bat (shapeshifter) (Zig:22)
  5 fire dragon skeletons
  7 golden eyes
  2 yaks (shapeshifter)
  A hog (shapeshifter) (Vaults:1)
  10 hungry ghosts
  Grum (D:9)
  A basilisk (shapeshifter) (Zig:22)
  A golden eye (shapeshifter) (Depths:3)
  A human (shapeshifter) (Vaults:4)
  4 basilisks
  39 vampire mosquitoes
  21 chaos spawn
  21 neqoxecs
  3 spatial vortices (Abyss:5)
  Menkaure (D:5)
  55 nagas
  12 insubstantial wisps
  A water nymph zombie (Crypt:2)
  19 swamp worms
  8 wargs
  A yaktaur simulacrum (Vaults:2)
  2 merfolk zombies
  3 acid dragons (Vaults:1)
  A soldier ant (D:13)
  15 water moccasins
  3 hydra simulacra
  33 hell hounds
  A merfolk skeleton (Geh:7)
  11 porcupines
  9 spiny frog zombies
  4 floating eyes
  12 ice beasts
  A torturous demonspawn skeleton (Tar:7)
  19 swamp drakes
  41 orc warriors
  3 black bears
  2 spiny frog skeletons
  3 sky beasts
  3 snapping turtle zombies
  20 centaurs
  An alligator simulacrum (Coc:7)
  9 eyes of draining
  A blink frog zombie (Crypt:1)
  A manticore zombie (Coc:7)
  18 necrophages
  31 ogres
  10 phantoms
  4 snapping turtle skeletons
  11 boggarts
  2 swamp dragon skeletons
  2 wolves (D:9)
  15 crocodiles
  A komodo dragon zombie (Crypt:3)
  7 big kobolds
  3 elf zombies
  14 bullfrogs
  10 earth elementals
  A spiny frog simulacrum (Coc:7)
  A draconian skeleton (Crypt:3)
  2 wyvern skeletons
  6 scorpions
  3 tengu zombies
  11 killer bees
  45 wights
  A spriggan skeleton (Tar:7)
  5 howler monkeys
  A troll skeleton (Coc:7)
  4 electric eels
  2 human zombies
  8 crimson imps
  2 quasits
  A bullfrog skeleton (D:7)
  6 hounds
  8 jellies
  9 iron imps
  A basilisk skeleton (Crypt:2)
  4 centaur skeletons
  12 orc priests
  A human skeleton (Geh:7)
  6 iguanas
  14 orc wizards
  Ijyb (D:4)
  Natasha (D:2)
  A lightning spire (Zig:6)
  8 worker ants
  2 naga zombies
  A sky beast zombie (Crypt:3)
  2 crocodile zombies
  A demigod zombie (Crypt:3)
  A naga skeleton (Tomb:1)
  An ogre skeleton (Crypt:1)
  48 mummies
  A worker ant zombie (D:9)
  A gnoll (D:3)
  A river rat (Sewer)
  12 adders
  23 shadow imps
  12 white imps
  2 ufetubi
  8 oozes (D:6)
  4 adder zombies (Ossuary)
  An iguana zombie (Crypt:1)
  2 adder skeletons
  4 worms
  7 leopard geckos
  99 orcs
  4 ball pythons (Sewer)
  9 giant cockroaches
  A gnoll zombie (Ossuary)
  10 goblins
  9 hobgoblins
  7 jackals
  15 kobolds
  A quokka (D:5)
  A ball python skeleton (D:6)
  5 bats
  8 frilled lizards
  2 goblin zombies (Ossuary)
  3 hobgoblin zombies
  4 kobold zombies
  2 orc skeletons
  An orc zombie (D:7)
  2 quokka zombies (Ossuary)
  12 rats
  4 rat zombies (Ossuary)
  14 crawling corpses
  A fire vortex (Geh:4)
  7 starspawn tentacles
  10 tentacles
  A withered plant (Crypt:3)
5281 creatures vanquished.

Vanquished Creatures (others)
  A Tzitzimitl (Tar:7)
  An Orb Guardian (Zot:5)
  2 eldritch tentacles
  A frost giant (Zig:15)
  2 fire giants
  A black sun (Zig:25)
  A balrug (Zig:27)
  An elemental wellspring (Coc:2)
  2 green deaths
  A hydra (Zig:14)
  An ice dragon (Coc:7)
  28 death scarabs (Tomb:2)
  A shadow wraith (Zig:16)
  A skeletal warrior (Coc:7)
  An anaconda skeleton (Hell)
  A moth of wrath (Zot:5)
  A rime drake (Zig:15)
  2 hellwings (Pan)
  A guardian mummy (Tomb:3)
  A harpy zombie (Geh:6)
  A bog body (Coc:7)
  A frost giant simulacrum (Tomb:2)
  6 flying skulls
  2 ynoxinuls (Zig:17)
  An ice dragon skeleton (Tomb:2)
  2 small abominations
  A vampire mosquito (Swamp:3)
  2 humans (Swamp:4)
  A neqoxec (Pan)
  A hell hound (Dis:7)
  An ogre (Vaults:5)
  A crimson imp (Geh:7)
  A mummy (Tomb:2)
  A quokka (D:2)
  A kobold (D:2)
  12 briar patches
  A crawling corpse (Zig:26)
  7 fungi
  2 plants (Lair:3)
  14 starspawn tentacles
  33 tentacles
143 creatures vanquished.

Grand Total: 5424 creatures vanquished

Notes
Turn   | Place    | Note
-------+----------+-------------------------------------------
     0 | D:1      | kuniqs the Vine Stalker Fighter began the quest for the Orb.
     0 | D:1      | Reached XP level 1. HP: 11/11 MP: 2/2
   530 | D:1      | Reached XP level 2. HP: 16/16 MP: 3/3
  1025 | D:2      | Found a burning altar of Makhleb.
  1025 | D:2      | Found a glowing silver altar of Zin.
  1026 | D:2      | Noticed an angel
  1026 | D:2      | Noticed a green death
  1226 | D:2      | Reached XP level 3. HP: 10/19 MP: 4/4
  1740 | D:2      | Found a stormy altar of Qazlal.
  1747 | D:2      | Noticed Natasha
  1887 | D:3      | Noticed an ogre
  1896 | D:3      | Killed an ogre
  1896 | D:3      | Reached skill level 1 in Dodging
  1896 | D:3      | Gained mutation: Your natural rate of healing is unusually fast. [Vine Stalker growth]
  1896 | D:3      | Reached XP level 4. HP: 18/24 MP: 3/5
  1896 | D:3      | Reached XP level 5. HP: 21/28 MP: 3/6
  2072 | D:3      | Noticed Grinder
  2089 | D:4      | Found a staircase to the Ecumenical Temple.
  2095 | Temple   | Entered the Ecumenical Temple
  2136 | Temple   | Became a worshipper of Uskayaw the Reveler
  2202 | D:4      | Reached * piety under Uskayaw
  2255 | D:4      | Reached ** piety under Uskayaw
  2313 | D:4      | Noticed an orc warrior
  2335 | D:4      | Killed an orc warrior
  2335 | D:4      | Reached skill level 1 in Invocations
  2335 | D:4      | Reached XP level 6. HP: 32/32 MP: 7/7
  2402 | D:4      | Reached *** piety under Uskayaw
  2477 | D:4      | Found a glowing drain.
  2491 | Sewer    | Entered a sewer
  3128 | D:4      | Reached XP level 7. HP: 36/37 MP: 9/9
  3453 | D:4      | Noticed Ijyb
  3490 | D:4      | Killed Ijyb
  3656 | D:5      | Entered Level 5 of the Dungeon
  4071 | D:5      | Noticed Menkaure
  4091 | D:5      | Killed Menkaure
  4200 | D:5      | Noticed Kidiri's ghost (novice DEFE)
  4244 | D:5      | Killed Kidiri's ghost
  4244 | D:5      | Gained mutation: You have razor-sharp teeth. [Vine Stalker growth]
  4244 | D:5      | Reached XP level 8. HP: 5/42 MP: 2/11
  4442 | D:5      | Found a radiant altar of Vehumet.
  4703 | D:5      | Gained mutation: You are partially covered in molten scales. (AC +2) [potion of mutation]
  4703 | D:5      | Gained mutation: Your flesh is heat resistant. (rF+) [potion of mutation]
  4703 | D:5      | Gained mutation: You tend to lose your temper in combat. [potion of mutation]
  4703 | D:5      | Gained mutation: You are resistant to hostile enchantments. (MR+) [potion of mutation]
  4885 | D:6      | Got a sparkling turquoise ring
  4962 | D:3      | Found an iron altar of Okawaru.
  5030 | D:3      | Killed Grinder
  5032 | D:3      | Reached **** piety under Uskayaw
  5252 | D:3      | Identified the ring "Ahuhacu" {rCorr Str+2} (You found it on level 6 of the Dungeon)
  5652 | D:2      | Killed Natasha
  5849 | D:6      | Reached skill level 5 in Shields
  5854 | D:5      | Noticed a rust devil
  5854 | D:5      | Noticed a rust devil
  5857 | D:6      | FUCK
  5869 | D:6      | Killed a rust devil
  5869 | D:6      | Reached skill level 5 in Short Blades
  5869 | D:6      | Reached XP level 9. HP: 46/46 MP: 13/13
  6027 | D:6      | Reached skill level 5 in Fighting
  6162 | D:6      | Reached skill level 5 in Armour
  6362 | D:6      | Found Udastrugogh's Weapon Boutique.
  6414 | D:6      | Noticed Prince Ribbit
  6432 | D:6      | Killed Prince Ribbit
  6536 | D:6      | Noticed an oklob plant
  6583 | D:7      | Found Iloiroe Puupt's Magic Scroll Shop.
  6588 | D:7      | Bought a scroll of remove curse for 39 gold pieces
  6696 | D:7      | Found Rulon's Jewellery Boutique.
  6717 | D:7      | Found a sand-covered staircase.
  6723 | Ossuary  | Entered an ossuary
  6946 | D:7      | Reached skill level 5 in Invocations
  6962 | D:7      | Found Ybrutzus's Weapon Boutique.
  7183 | D:7      | Found Yfueh's Jewellery Shop.
  7263 | D:7      | Found Yxtuthri's Jewellery Shoppe.
  7273 | D:7      | Got an encrusted flail
  7274 | D:7      | Identified the +6 flail of Generosity {antimagic, rElec rPois MR- Str+8} (You found it on level 7 of the Dungeon)
  7636 | D:8      | Reached XP level 10. HP: 51/51 MP: 14/14
  7785 | D:8      | Noticed a two-headed ogre
  7980 | D:8      | Killed a two-headed ogre
  8072 | D:8      | Reached ***** piety under Uskayaw
  8433 | D:8      | Reached skill level 5 in Dodging
  8501 | D:9      | Noticed Grum
  8629 | D:9      | Noticed Maurice
  8644 | D:8      | Killed Maurice
  8733 | D:9      | Reached XP level 11. HP: 46/58 MP: 16/16
  8936 | D:9      | Killed Grum
  9275 | D:10     | Entered Level 10 of the Dungeon
  9333 | D:10     | Noticed a two-headed ogre
  9377 | D:9      | Killed a two-headed ogre
  9538 | D:10     | Noticed a two-headed ogre
  9547 | D:10     | Killed a two-headed ogre
  9627 | D:10     | Noticed a two-headed ogre
  9660 | D:9      | Killed a two-headed ogre
  9683 | D:10     | Noticed Nergalle
  9697 | D:10     | Killed Nergalle
  9703 | D:10     | Noticed Erica
  9741 | D:10     | Killed Erica
 10350 | D:11     | Found Toqan's Magic Scroll Boutique.
 10376 | D:11     | Bought a scroll of fear for 52 gold pieces
 10458 | D:11     | Gained mutation: You heal very quickly. [Vine Stalker growth]
 10458 | D:11     | Reached XP level 12. HP: 63/63 MP: 18/18
 10662 | D:11     | Identified a scroll of acquirement
 10856 | D:11     | Found a staircase to the Lair.
 11184 | D:7      | Bought an uncursed ring of poison resistance for 320 gold pieces
 11262 | Lair:1   | Entered Level 1 of the Lair of Beasts
 11578 | Lair:1   | Noticed a four-headed hydra
 11741 | Lair:1   | Killed a one-headed hydra
 11850 | Lair:1   | Identified the +8 trident of the Heavens {antimagic, rPois} (You found it on level 1 of the Lair of Beasts)
 11851 | Lair:1   | WHY ANTIMAGIC
 13175 | Lair:3   | Noticed an eight-headed hydra
 13298 | Lair:3   | Killed a two-headed hydra
 13298 | Lair:3   | Reached XP level 13. HP: 56/69 MP: 20/20
 14467 | Lair:4   | Found a staircase to the Swamp.
 14483 | Lair:4   | Found a staircase to the Snake Pit.
 15849 | Lair:6   | Entered Level 6 of the Lair of Beasts
 15965 | Lair:6   | Found a staircase to the Slime Pits.
 16169 | Lair:6   | Reached XP level 14. HP: 74/75 MP: 20/22
 16217 | Lair:6   | Reached ****** piety under Uskayaw
 16269 | Lair:6   | Found a dark tunnel.
 16292 | Volcano  | Entered a volcano
 16740 | Lair:6   | Reached skill level 10 in Invocations
 17445 | Lair:6   | Reached skill level 10 in Shields
 17616 | Lair:6   | LOUSIEST LAIR LOOT EVAR
 17983 | D:12     | Reached skill level 10 in Fighting
 18228 | D:12     | Found a staircase to the Orcish Mines.
 18509 | D:12     | Reached skill level 10 in Short Blades
 18570 | D:12     | Noticed Kenran's ghost (journeyman DEIE)
 18692 | D:13     | Found a gate to the Vaults.
 18802 | D:13     | Reached XP level 15. HP: 55/80 MP: 23/23
 19144 | D:13     | Found Dunyem's Magic Scroll Emporium.
 19174 | D:13     | Found a shimmering altar of Xom.
 19718 | D:14     | Noticed Sonja
 19719 | D:14     | Noticed Sonja
 19719 | D:14     | Sonja changed into Sonja the blink frog
 19726 | D:14     | Killed Sonja the blink frog
 19825 | D:14     | Got a pair of steaming boots
 19900 | D:14     | Got an encrusted trident
 19955 | D:14     | Identified the +0 pair of boots of the Gloaming {rF+ MR++ Int+3} (You found it on level 14 of the Dungeon)
 20020 | D:14     | Noticed Josephine
 20038 | D:14     | Killed Josephine
 20174 | D:14     | Noticed Frances
 20184 | D:14     | Killed Frances
 20223 | D:14     | Identified the cursed +1 trident of Wrongful Imprisonment {pierce, rC- MR+++ SInv} (You found it on level 14 of the Dungeon)
 20649 | D:15     | Entered Level 15 of the Dungeon
 20652 | D:14     | OUCH! THAT REALLY HURT!@
 20722 | Orc:1    | Entered Level 1 of the Orcish Mines
 21278 | Orc:1    | Reached skill level 10 in Armour
 21444 | Orc:2    | Entered Level 2 of the Orcish Mines
 21444 | Orc:2    | Found Kiurusua's Armour Boutique.
 21448 | Orc:2    | Noticed an orc warlord
 21482 | Orc:1    | Killed an orc warlord
 21565 | Orc:2    | Found Quthry's Weapon Emporium.
 21574 | Orc:2    | SAD!
 21578 | Orc:2    | Found Piutehob's Jewellery Boutique.
 21590 | Orc:2    | Found Ciedocw's Magic Scroll Shoppe.
 21644 | Orc:2    | Bought a scroll of brand weapon for 300 gold pieces
 21658 | Orc:2    | Reached skill level 10 in Dodging
 21728 | Orc:2    | Found Luecoish's Antique Armour Shop.
 21823 | Orc:2    | Found Jiny's Assorted Antiques.
 21874 | Orc:2    | Found Benokh's General Store.
 21878 | Orc:2    | Found a staircase to the Elven Halls.
 21943 | Orc:2    | Found Uloqyunk's Antique Weapon Boutique.
 22412 | Orc:2    | Bought a runed shield for 172 gold pieces
 22412 | Orc:2    | Bought a pair of embroidered gloves for 172 gold pieces
 22412 | Orc:2    | Bought a dazzling scale mail for 207 gold pieces
 22412 | Orc:2    | Identified the +6 scale mail of Activism {rElec Dex+7 Stlth-} (You bought it in a shop on level 2 of the Orcish Mines)
 22609 | D:7      | Bought a +4 ring of protection for 432 gold pieces
 22707 | D:7      | Bought the ring "Urghas" {rElec rC- MP+9 Dex+4} for 389 gold pieces
 22906 | Swamp:1  | Entered Level 1 of the Swamp
 23032 | Swamp:1  | Reached XP level 16. HP: 87/87 MP: 25/25
 23046 | Swamp:1  | Noticed Donald
 23053 | Swamp:1  | Killed Donald
 23355 | Swamp:1  | Noticed Roxanne
 23737 | Swamp:2  | Noticed a thorn hunter
 23747 | Swamp:2  | Killed a thorn hunter
 23986 | Swamp:2  | You fall through a shaft!
 24161 | Swamp:2  | Noticed a thorn hunter
 24184 | Swamp:2  | Killed a thorn hunter
 24201 | Swamp:2  | Noticed a thorn hunter
 24214 | Swamp:2  | Killed a thorn hunter
 24284 | Swamp:2  | Noticed a thorn hunter
 24284 | Swamp:2  | Noticed a thorn hunter
 24492 | Swamp:2  | Killed a thorn hunter
 24513 | Swamp:2  | Killed a thorn hunter
 24636 | Swamp:4  | Entered Level 4 of the Swamp
 25357 | Swamp:4  | Noticed Jorgrun
 25380 | Swamp:3  | Killed Jorgrun
 25380 | Swamp:3  | Reached XP level 17. HP: 93/93 MP: 27/27
 25698 | Swamp:4  | Noticed Kirke
 25712 | Swamp:4  | Killed Kirke
 25718 | Swamp:4  | Got an encrusted helmet
 25724 | Swamp:4  | Identified the +1 helmet of the Gate {Int+3} (You acquired it on level 4 of the Swamp)
 25838 | Swamp:4  | Noticed the 27-headed Lernaean hydra
 25843 | Swamp:4  | Killed the 27-headed Lernaean hydra
 25922 | Swamp:4  | Got a decaying rune of Zot
 26586 | Snake:1  | Entered Level 1 of the Snake Pit
 27690 | Snake:2  | Identified the +0 scale mail of Qinoaso {-Tele Regen+ Int+3} (You found it on level 2 of the Snake Pit)
 27886 | Snake:2  | Reached XP level 18. HP: 92/98 MP: 28/28
 27994 | Snake:2  | Identified the +6 chain mail of Undesirable Species {*Corrode rElec rC++ Stlth+} (You acquired it on level 2 of the Snake Pit)
 28314 | Snake:3  | Got a brightly glowing turquoise ring
 28315 | Snake:3  | Identified the ring of Benevolence {Ice MR+} (You found it on level 3 of the Snake Pit)
 28570 | Snake:3  | Found Daupec's Jewellery Shop.
 28571 | Snake:3  | Found Diqomol's Gadget Emporium.
 28571 | Snake:3  | Found Effiug's Gadget Emporium.
 28719 | Snake:3  | Bought a wand of digging (11/24) for 390 gold pieces
 28843 | Snake:4  | Entered Level 4 of the Snake Pit
 30163 | Snake:4  | Reached XP level 19. HP: 104/104 MP: 30/30
 30237 | Snake:4  | Noticed Mara
 30252 | Snake:4  | Killed Mara
 30346 | Snake:4  | Got a serpentine rune of Zot
 31173 | Elf:1    | Entered Level 1 of the Elven Halls
 31939 | Elf:1    | Identified Uschebbau's Disquisition on Earthen Malediction
 32690 | Elf:2    | Found a runed gate.
 32690 | Elf:2    | Found a runed gate.
 32691 | Elf:2    | Found a runed gate.
 32797 | Elf:2    | Reached XP level 20. HP: 95/110 MP: 27/31
 33185 | Elf:3    | Entered Level 3 of the Elven Halls
 33532 | Elf:3    | Found Qoevaoq's Gadget Shop.
 34061 | Elf:3    | Got a transparent bronze ring
 34068 | Elf:3    | Identified the ring of Zuaddiudgh {rN++ AC+2 Int+4} (You took it off a deep elf demonologist on level 3 of the Elven Halls)
 34168 | Elf:3    | Got distressingly furry storm dragon scales
 34182 | Elf:3    | Got a pitted plate armour
 34190 | Elf:3    | Identified the +10 storm dragon scales of Tuvvuahi {rElec MR+} (You found it on level 3 of the Elven Halls)
 34222 | Elf:3    | Identified the +8 plate armour of Vehumet's Benevolence {rC+ Str-4 Int+2} (You found it on level 3 of the Elven Halls)
 34252 | Elf:3    | Identified the Reference Book on Fetching Earth
 34309 | Elf:3    | Identified the +1 scale mail of the Princess {MP+9 Str-5 Dex+5} (You found it on level 3 of the Elven Halls)
 34316 | Elf:3    | Identified the Handbook of the Snowflakes and Ignition
 34714 | Vaults:1 | Entered Level 1 of the Vaults
 34792 | Vaults:1 | Found Egeriaba's Antique Armour Emporium.
 35075 | Vaults:1 | Reached skill level 1 in Stealth
 35136 | Vaults:1 | Reached XP level 21. HP: 109/115 MP: 30/33
 35359 | Vaults:1 | Reached skill level 1 in Evocations
 36097 | Vaults:2 | Reached skill level 15 in Invocations
 36730 | Vaults:2 | Reached skill level 5 in Stealth
 36883 | Vaults:2 | Noticed Xtahua
 36892 | Vaults:2 | Killed Xtahua
 37064 | Vaults:2 | Found Xeron's Food Emporium.
 37610 | Vaults:3 | Reached XP level 22. HP: 119/121 MP: 34/34
 38187 | Vaults:3 | Noticed Saint Roka
 38202 | Vaults:3 | Killed Saint Roka
 38272 | Vaults:3 | Identified the +4 chain mail "Fomo" {rElec Str+2} (You found it on level 3 of the Vaults)
 38385 | Vaults:3 | Found a staircase to the Crypt.
 38404 | Crypt:1  | Entered Level 1 of the Crypt
 39097 | Crypt:1  | Noticed Margery
 39111 | Crypt:1  | Killed Margery
 39464 | Crypt:2  | Reached skill level 5 in Evocations
 39841 | Crypt:2  | Reached skill level 15 in Fighting
 39956 | Crypt:3  | Entered Level 3 of the Crypt
 39956 | Crypt:3  | Noticed Boris
 39986 | Crypt:2  | Killed Boris
 40005 | Crypt:3  | Reached skill level 15 in Shields
 40048 | Crypt:3  | Found a magical portal.
 40070 | WizLab   | Entered Lehudib's Moon Base
 40349 | WizLab   | Found a transporter.
 40374 | WizLab   | Reached XP level 23. HP: 126/126 MP: 35/35
 40397 | WizLab   | Reached skill level 15 in Dodging
 41141 | WizLab   | Found a transporter.
 41273 | Crypt:3  | Noticed Frederick
 41288 | Crypt:3  | Killed Frederick
 41551 | Crypt:3  | Found a staircase to the Tomb.
 41602 | Crypt:3  | Identified the cursed +0 chain mail of Truth {rC++} (You found it on level 3 of the Crypt)
 41847 | Crypt:3  | Found an ancient bone altar of Kikubaaqudgha.
 41883 | Crypt:3  | Got a pitted amber ring
 41883 | Crypt:3  | Got a brightly glowing copper ring
 41884 | Crypt:3  | Identified the ring of Attitude {rElec rF+ rN+ MR+ Dex+3} (You found it on level 3 of the Crypt)
 41885 | Crypt:3  | Identified the ring "Kotidi" {rC+ rN+ MR+} (You found it on level 3 of the Crypt)
 41955 | Crypt:3  | Reached skill level 10 in Stealth
 42011 | Crypt:3  | Identified the +7 large shield "Vacoigiy" {Str+3} (You found it on level 3 of the Crypt)
 42912 | Vaults:4 | Reached XP level 24. HP: 132/132 MP: 36/36
 44044 | Vaults:5 | Entered Level 5 of the Vaults
 44395 | Vaults:5 | Noticed an ancient lich
 44403 | Vaults:5 | Killed an ancient lich
 44427 | Vaults:5 | Got a crude marble ring
 44428 | Vaults:5 | Identified the ring of Mopragic {rCorr rC+ MR+} (You found it on level 5 of the Vaults)
 44533 | Vaults:5 | Noticed an ancient lich
 44580 | Vaults:5 | Killed an ancient lich
 44580 | Vaults:5 | Reached XP level 25. HP: 91/137 MP: 36/36
 44751 | Vaults:5 | Noticed Mennas
 44797 | Vaults:5 | Killed Mennas
 44841 | Vaults:5 | Found Zuxuet's Antique Weapon Shoppe.
 44846 | Vaults:5 | Reached skill level 15 in Armour
 44867 | Vaults:5 | Got a silver rune of Zot
 45962 | Slime:1  | Entered Level 1 of the Pits of Slime
 46108 | Slime:5  | Entered Level 5 of the Pits of Slime
 46240 | Slime:5  | Noticed the Royal Jelly
 46241 | Slime:5  | Found a viscous altar of Jiyva.
 46249 | Slime:5  | Killed the Royal Jelly
 46328 | Slime:5  | Got a fine ivory ring
 46329 | Slime:5  | Identified the ring "Datteocs" {rC+ Dex+3} (You found it on level 5 of the Pits of Slime)
 46372 | Slime:5  | Got a slimy rune of Zot
 46402 | Slime:5  | Identified the Disquisition on Conjuration and Enchantment
 46413 | Slime:5  | Got a sparkling brass ring
 46414 | Slime:5  | Identified the ring of Idot {+Blink rElec Stlth+} (You found it on level 5 of the Pits of Slime)
 46802 | Vaults:3 | Reached XP level 26. HP: 144/144 MP: 36/36
 46915 | Tomb:1   | Entered Level 1 of the Tomb of the Ancients
 47025 | Tomb:1   | Lost mutation: You are resistant to hostile enchantments. (MR+) [potion of mutation]
 47025 | Tomb:1   | Lost mutation: Your flesh is heat resistant. (rF+) [potion of mutation]
 47025 | Tomb:1   | Lost mutation: You tend to lose your temper in combat. [potion of mutation]
 47025 | Tomb:1   | Gained mutation: Your flesh is cold resistant. (rC+) [potion of mutation]
 47025 | Tomb:1   | Gained mutation: Your spells are a little harder to cast, but a little more powerful. [potion of mutation]
 47025 | Tomb:1   | Gained mutation: You are partially covered in thin metallic scales. (AC +2) [potion of mutation]
 47146 | Tomb:1   | Noticed a greater mummy
 47157 | Tomb:1   | Killed a greater mummy
 47167 | Tomb:1   | Noticed a greater mummy
 47205 | Tomb:1   | Killed a greater mummy
 47560 | Tomb:2   | Noticed a greater mummy
 47562 | Tomb:2   | Noticed a greater mummy
 47564 | Tomb:2   | Noticed a greater mummy
 47565 | Tomb:2   | Noticed a greater mummy
 47565 | Tomb:2   | Noticed a greater mummy
 47568 | Tomb:2   | Killed a greater mummy
 47706 | Tomb:2   | Killed a greater mummy
 47714 | Tomb:2   | Killed a greater mummy
 47721 | Tomb:2   | Killed a greater mummy
 47757 | Tomb:2   | Killed a greater mummy
 48204 | Tomb:3   | Entered Level 3 of the Tomb of the Ancients
 48376 | Tomb:3   | Noticed a greater mummy
 48379 | Tomb:3   | Killed a greater mummy
 48528 | Tomb:3   | Reached XP level 27. HP: 56/150 MP: 37/37
 48578 | Tomb:3   | Noticed an ancient lich
 48581 | Tomb:3   | Killed an ancient lich
 48692 | Tomb:3   | Noticed a greater mummy
 48694 | Tomb:3   | Noticed Boris
 48695 | Tomb:3   | Noticed a greater mummy
 48702 | Tomb:3   | Noticed a greater mummy
 48704 | Tomb:3   | Noticed a greater mummy
 48704 | Tomb:3   | Noticed a greater mummy
 48705 | Tomb:3   | Noticed an ancient lich
 48706 | Tomb:3   | Killed a greater mummy
 48717 | Tomb:3   | Killed Boris
 48856 | Tomb:3   | Killed a greater mummy
 48859 | Tomb:3   | Killed an ancient lich
 48861 | Tomb:3   | Killed a greater mummy
 48862 | Tomb:3   | Noticed a greater mummy
 48873 | Tomb:3   | Killed a greater mummy
 48980 | Tomb:3   | Killed a greater mummy
 48985 | Tomb:3   | Killed a greater mummy
 49166 | Tomb:3   | Got a golden rune of Zot
 49285 | Tomb:3   | Identified the +1 pair of gloves of Watchfulness {-Cast rN++ Dex+3 SInv} (You found it on level 3 of the Tomb of the Ancients)
 49302 | Tomb:3   | Got a glittering steel ring
 49303 | Tomb:3   | Identified the ring "Hiqiumyp" {rF+ MR+} (You found it on level 3 of the Tomb of the Ancients)
 49306 | Tomb:3   | Got a warped amber ring
 49307 | Tomb:3   | Identified the ring of Sunlight {rC+ rN++} (You found it on level 3 of the Tomb of the Ancients)
 49354 | Tomb:3   | Got an ancient amber ring
 49355 | Tomb:3   | Identified the ring of Erghe {+Fly rC+ MR+} (You found it on level 3 of the Tomb of the Ancients)
 50110 | D:11     | Bought a scroll of immolation for 52 gold pieces
 50209 | D:7      | Bought a scroll of blinking for 97 gold pieces
 50209 | D:7      | Bought a scroll of enchant weapon for 97 gold pieces
 50209 | D:7      | Bought a scroll of identify for 26 gold pieces
 50209 | D:7      | Bought a scroll of fog for 26 gold pieces
 50393 | Orc:2    | Bought a scroll of enchant weapon for 112 gold pieces
 50393 | Orc:2    | Bought a scroll of enchant weapon for 112 gold pieces
 50393 | Orc:2    | Bought a scroll of identify for 30 gold pieces
 50393 | Orc:2    | Bought a scroll of identify for 30 gold pieces
 50393 | Orc:2    | Bought a scroll of fog for 30 gold pieces
 50539 | D:13     | Bought a scroll of blinking for 120 gold pieces
 50539 | D:13     | Bought a scroll of enchant armour for 120 gold pieces
 50539 | D:13     | Bought a scroll of identify for 32 gold pieces
 50539 | D:13     | Bought a scroll of identify for 32 gold pieces
 50539 | D:13     | Bought a scroll of identify for 32 gold pieces
 50539 | D:13     | Bought 3 scrolls of immolation for 168 gold pieces
 50638 | D:15     | Found Wapsog's Distillery.
 50645 | D:15     | Bought 2 potions of agility for 120 gold pieces
 50645 | D:15     | Bought a potion of cancellation for 120 gold pieces
 50645 | D:15     | Bought a potion of agility for 60 gold pieces
 50645 | D:15     | Bought a potion of mutation for 120 gold pieces
 50645 | D:15     | Bought a potion of mutation for 120 gold pieces
 50958 | D:15     | Found a staircase to the Depths.
 51203 | Depths:1 | Entered Level 1 of the Depths
 51470 | Depths:1 | Found a gateway to Hell.
 51489 | Hell     | Entered the Vestibule of Hell
 51623 | Hell     | Noticed Geryon
 51626 | Hell     | Killed Geryon
 51659 | Hell     | Found a gateway to the Iron City of Dis.
 51701 | Dis:1    | Entered Level 1 of the Iron City of Dis
 51701 | Dis:1    | Found a gateway to Hell.
 51724 | Dis:2    | Found a gateway to Hell.
 51724 | Dis:2    | Found a gateway to Hell.
 51776 | Dis:2    | Found a gateway to Hell.
 51785 | Dis:3    | Found a gateway to Hell.
 51785 | Dis:3    | Found a gateway to Hell.
 51863 | Dis:3    | Found a gateway to Hell.
 52041 | Dis:4    | Found a gateway to Hell.
 52109 | Dis:4    | Found a gateway to Hell.
 52142 | Dis:5    | Found a gateway to Hell.
 52142 | Dis:5    | Found a gateway to Hell.
 52146 | Dis:6    | Found a gateway to Hell.
 52467 | Dis:7    | Entered Level 7 of the Iron City of Dis
 52467 | Dis:7    | Found a gateway to Hell.
 52467 | Dis:7    | Found a gateway to Hell.
 52467 | Dis:7    | Found a gateway to Hell.
 52854 | Dis:7    | Noticed Dispater
 52864 | Dis:7    | Killed Dispater
 52892 | Dis:7    | Got an iron rune of Zot
 52898 | Dis:7    | Got a slimy bronze ring
 52899 | Dis:7    | Identified the ring "Heebuyff" {rElec rF+ rC++ MR- Dex+9} (You found it on level 7 of the Iron City of Dis)
 53141 | Hell     | Found a gateway to the freezing wastes of Cocytus.
 53156 | Coc:1    | Entered Level 1 of Cocytus
 53156 | Coc:1    | Found a gateway to Hell.
 53277 | Coc:2    | Found a gateway to Hell.
 53311 | Coc:2    | Found a gateway to Hell.
 53550 | Coc:3    | Found a gateway to Hell.
 53618 | Coc:3    | Found a gateway to Hell.
 53744 | Coc:4    | Found a gateway to Hell.
 53744 | Coc:4    | Found a gateway to Hell.
 53751 | Coc:5    | Found a gateway to Hell.
 53751 | Coc:5    | Found a gateway to Hell.
 53751 | Coc:5    | Found a gateway to Hell.
 54095 | Coc:5    | Found a gateway to Hell.
 54100 | Coc:6    | Found a gateway to Hell.
 54110 | Coc:7    | Entered Level 7 of Cocytus
 54110 | Coc:7    | Found a gateway to Hell.
 54110 | Coc:7    | Found a gateway to Hell.
 54110 | Coc:7    | Found a gateway to Hell.
 54263 | Coc:7    | Noticed the Serpent of Hell
 54267 | Coc:7    | Killed the Serpent of Hell
 54932 | Coc:7    | Noticed Antaeus
 54932 | Coc:7    | Killed Antaeus
 54979 | Coc:7    | Got a shimmering platinum ring
 55000 | Coc:7    | Identified the ring of Patience {rElec rPois rF+++ rC++ MR+ Str-3} (You took it off Antaeus on level 7 of Cocytus)
 55002 | Coc:7    | WOW
 55053 | Coc:7    | Got an icy rune of Zot
 55175 | Hell     | Found a gateway to the decaying netherworld of Tartarus.
 55184 | Tar:1    | Entered Level 1 of Tartarus
 55184 | Tar:1    | Found a gateway to Hell.
 55297 | Tar:2    | Found a gateway to Hell.
 55361 | Tar:2    | Found a gateway to Hell.
 55530 | Tar:3    | Found a gateway to Hell.
 55780 | Tar:3    | Found a gateway to Hell.
 56016 | Tar:3    | Found a gateway to Hell.
 56020 | Tar:4    | Found a gateway to Hell.
 56084 | Tar:4    | Found a gateway to Hell.
 56100 | Tar:5    | Found a gateway to Hell.
 56231 | Tar:5    | Found a gateway to Hell.
 56399 | Tar:6    | Found a gateway to Hell.
 56405 | Tar:6    | Found a gateway to Hell.
 56550 | Tar:7    | Entered Level 7 of Tartarus
 56550 | Tar:7    | Found a gateway to Hell.
 56550 | Tar:7    | Found a gateway to Hell.
 56550 | Tar:7    | Found a gateway to Hell.
 56817 | Tar:7    | Got a clouded bronze ring
 56818 | Tar:7    | Identified the ring of the Evening {rC+ MR++ Dex-4 Slay+3 Stlth+} (You found it on level 7 of Tartarus)
 56900 | Tar:7    | Got an ancient lapis lazuli ring
 56901 | Tar:7    | Identified the ring of Yesterday {MP+9 Str+2} (You found it on level 7 of Tartarus)
 57053 | Tar:7    | Got a scintillating bone amulet
 57054 | Tar:7    | Identified the amulet "Gutefo" {rN+ Regen+ Slay-5 Stlth+} (You found it on level 7 of Tartarus)
 57079 | Tar:7    | Got an ancient iron ring
 57082 | Tar:7    | Got a smoking platinum ring
 57083 | Tar:7    | Identified the ring "Vothriow" {rPois rN+} (You found it on level 7 of Tartarus)
 57085 | Tar:7    | Identified the ring of Nusaozel {rPois Slay+5} (You found it on level 7 of Tartarus)
 57640 | Tar:7    | Gained mutation: You are frail. (-10% HP) [a neqoxec]
 57645 | Tar:7    | Noticed Ereshkigal
 57646 | Tar:7    | Killed Ereshkigal
 57663 | Tar:7    | Got a bone rune of Zot
 57762 | Hell     | Found a gateway to the ashen valley of Gehenna.
 57797 | Geh:1    | Entered Level 1 of Gehenna
 57797 | Geh:1    | Found a gateway to Hell.
 57910 | Geh:2    | Found a gateway to Hell.
 58046 | Geh:3    | Found a gateway to Hell.
 58072 | Geh:3    | Gained mutation: You tend to lose your temper in combat. [mutagenic glow]
 58083 | Geh:3    | Lost mutation: You tend to lose your temper in combat. [potion of mutation]
 58083 | Geh:3    | Lost mutation: You are partially covered in molten scales. (AC +2) [potion of mutation]
 58083 | Geh:3    | Lost mutation: You are frail. (-10% HP) [potion of mutation]
 58083 | Geh:3    | Lost mutation: Your spells are a little harder to cast, but a little more powerful. [potion of mutation]
 58083 | Geh:3    | Gained mutation: You are agile. (Dex +2) [potion of mutation]
 58083 | Geh:3    | Gained mutation: Your mind is acute. (Int +2) [potion of mutation]
 58083 | Geh:3    | Gained mutation: You have a pair of small horns on your head. [potion of mutation]
 58091 | Geh:4    | Found a gateway to Hell.
 58117 | Geh:5    | Found a gateway to Hell.
 58132 | Geh:5    | Found a gateway to Hell.
 58134 | Geh:5    | Found a gateway to Hell.
 58193 | Geh:6    | Found a gateway to Hell.
 58515 | Geh:7    | Entered Level 7 of Gehenna
 58515 | Geh:7    | Found a gateway to Hell.
 58515 | Geh:7    | Found a gateway to Hell.
 58515 | Geh:7    | Found a gateway to Hell.
 59301 | Geh:7    | Noticed Asmodeus
 59389 | Geh:7    | Killed Asmodeus
 59397 | Geh:7    | Got an obsidian rune of Zot
 60287 | Depths:2 | Found a one-way gate to the infinite horrors of the Abyss.
 60370 | Depths:2 | Noticed Bai Suzhen
 60385 | Depths:2 | Killed Bai Suzhen
 60433 | Depths:2 | Noticed the Enchantress
 60504 | Depths:2 | Killed the Enchantress
 60520 | Depths:2 | Got faerie dragon scales
 60525 | Depths:2 | Identified the +0 faerie dragon scales {*Drain rPois rCorr Dex+8 Stlth+} (You took it off the Enchantress on level 2 of the Depths)
 60635 | Depths:2 | Found Savemo's Gadget Shoppe.
 60636 | Depths:2 | Found Muewn's Food Shoppe.
 60636 | Depths:2 | Found Oddiugur's Magic Scroll Emporium.
 60638 | Depths:2 | Noticed Sojobo
 60639 | Depths:2 | Found Waittoru's Book Emporium.
 60646 | Depths:2 | Killed Sojobo
 60658 | Depths:2 | Bought a scroll of acquirement for 624 gold pieces
 60658 | Depths:2 | Bought a scroll of fog for 24 gold pieces
 60658 | Depths:2 | Bought a scroll of fog for 24 gold pieces
 60658 | Depths:2 | Bought a scroll of fog for 24 gold pieces
 60662 | Depths:2 | Identified the +2 pair of boots of Duty {+Fly Slay+3} (You acquired it on level 2 of the Depths)
 60738 | Depths:2 | Noticed a juggernaut
 61081 | Depths:2 | Found a portal to a secret trove of treasure.
 61252 | Depths:2 | You paid a toll of a +7 demon whip to enter a treasure trove
 61253 | Trove    | Entered a treasure trove
 61261 | Trove    | Identified the +0 pair of boots of Twilight {+Fly rN+ Dex-4} (You found it in a treasure trove)
 61272 | Trove    | Identified the +8 large shield of Hopscotch {rF+} (You found it in a treasure trove)
 61279 | Trove    | Identified the +0 plate armour "Qopeirph" {rPois rC+ MP+9 Dex-4} (You found it in a treasure trove)
 61281 | Trove    | Got heavily runed ice dragon scales
 61284 | Trove    | Got an ancient hat
 61302 | Trove    | Identified the +0 hat of Weiletz {-Tele Str+3 Int+3} (You found it in a treasure trove)
 61322 | Trove    | Identified the cursed +0 ice dragon scales of Osmocsau {rF- rC++ Dex+2} (You found it in a treasure trove)
 61689 | Depths:3 | Found a one-way gate leading to the halls of Pandemonium.
 62004 | Depths:3 | Found a gateway to a ziggurat.
 63275 | Depths:5 | Entered Level 5 of the Depths
 63376 | Depths:5 | Found a gate to the Realm of Zot.
 63461 | Depths:5 | Noticed a juggernaut
 63469 | Depths:5 | Killed a juggernaut
 64063 | Zot:1    | Entered Level 1 of the Realm of Zot
 64224 | Zot:1    | Noticed an ancient lich
 64231 | Zot:1    | Killed an ancient lich
 64521 | Zot:1    | Got a smoking platinum ring
 64522 | Zot:1    | Identified the ring of Dofaguest {rElec MR- Str+2 Dex+2} (You found it on level 1 of the Realm of Zot)
 66556 | Zot:4    | Noticed an orb of fire
 66557 | Zot:4    | Gained mutation: You are weak. (Str -2) [an orb of fire]
 66560 | Zot:5    | Entered Level 5 of the Realm of Zot
 66606 | Zot:4    | Lost mutation: You are agile. (Dex +2) [an orb of fire]
 66613 | Zot:4    | Killed an orb of fire
 67019 | Zot:5    | Noticed an ancient lich
 67025 | Zot:5    | Killed an ancient lich
 67170 | Zot:5    | Noticed an ancient lich
 67179 | Zot:5    | Killed an ancient lich
 67199 | Zot:5    | Noticed an orb of fire
 67207 | Zot:5    | Killed an orb of fire
 67223 | Zot:5    | Noticed an ancient lich
 67233 | Zot:5    | Killed an ancient lich
 67382 | Zot:5    | Noticed an ancient lich
 67391 | Zot:5    | Killed an ancient lich
 67410 | Zot:5    | Noticed an ancient lich
 67426 | Zot:5    | Killed an ancient lich
 67448 | Zot:5    | Noticed an ancient lich
 67463 | Zot:5    | Killed an ancient lich
 67539 | Zot:5    | Noticed an orb of fire
 67547 | Zot:5    | Killed an orb of fire
 67548 | Zot:5    | Noticed an ancient lich
 67567 | Zot:5    | Killed an ancient lich
 67965 | Pan      | Entered Pandemonium
 67985 | Pan      | Found an exit through the horrors of the Abyss.
 68173 | Pan      | Found an exit through the horrors of the Abyss.
 68195 | Pan      | Identified the +2 hat "Besett" {Int+3} (You acquired it in Pandemonium)
 68348 | Pan      | Found an exit through the horrors of the Abyss.
 68393 | Pan      | Noticed Cifof the pandemonium lord
 68408 | Pan      | Killed Cifof the pandemonium lord
 68784 | Pan      | Found an exit through the horrors of the Abyss.
 68857 | Pan      | Found a runed door.
 68944 | Pan      | Noticed Soxuh the pandemonium lord
 68945 | Pan      | Killed Soxuh the pandemonium lord
 69052 | Pan      | Noticed Ziter the pandemonium lord
 69065 | Pan      | Killed Ziter the pandemonium lord
 69206 | Pan      | Noticed Muijaog the pandemonium lord
 69209 | Pan      | Cast into level 5 of the Abyss (Muijaog)
 69209 | Abyss:5  | Entered Level 5 of the Abyss
 69263 | Abyss:5  | Found an ancient bone altar of Kikubaaqudgha.
 69266 | Abyss:5  | Found a corrupted altar of Lugonu.
 69272 | Abyss:5  | Got an abyssal rune of Zot
 69295 | Pan      | Escaped the Abyss
 69410 | Pan      | Found an exit through the horrors of the Abyss.
 69531 | Pan      | Killed Muijaog the pandemonium lord
 69579 | Pan      | Noticed Binisch the pandemonium lord
 69637 | Pan      | Killed Binisch the pandemonium lord
 69818 | Pan      | Found an exit through the horrors of the Abyss.
 70006 | Pan      | Found a runed door.
 70014 | Pan      | Found a runed door.
 70024 | Pan      | Found a runed door.
 70028 | Pan      | Noticed Qostul the pandemonium lord
 70040 | Pan      | Killed Qostul the pandemonium lord
 70045 | Pan      | Got a demonic rune of Zot
 70046 | Pan      | Found a runed door.
 70216 | Pan      | Gained mutation: Armour fits poorly on your strangely shaped body. [a neqoxec]
 70234 | Pan      | Noticed Tafahunt the pandemonium lord
 70241 | Pan      | Killed Tafahunt the pandemonium lord
 70247 | Pan      | Gained mutation: You are frail. (-10% HP) [a neqoxec]
 70350 | Pan      | Found an exit through the horrors of the Abyss.
 70505 | Pan      | Entered the realm of Lom Lobon.
 70527 | Pan      | Found an exit through the horrors of the Abyss.
 70786 | Pan      | Noticed Lom Lobon
 70809 | Pan      | Killed Lom Lobon
 70831 | Pan      | Got a magical rune of Zot
 71118 | Pan      | Found an exit through the horrors of the Abyss.
 71418 | Pan      | Reached skill level 27 in Dodging
 71471 | Pan      | Entered the realm of Gloorx Vloq.
 71607 | Pan      | Found an exit through the horrors of the Abyss.
 72270 | Pan      | Reached skill level 15 in Stealth
 72272 | Pan      | Noticed Gloorx Vloq
 72273 | Pan      | Killed Gloorx Vloq
 72287 | Pan      | Got a dark rune of Zot
 72631 | Pan      | Noticed Mem Rumi the pandemonium lord
 72649 | Pan      | Killed Mem Rumi the pandemonium lord
 72752 | Pan      | Noticed Afruff the pandemonium lord
 72759 | Pan      | Killed Afruff the pandemonium lord
 72765 | Pan      | Gained mutation: You are very weak. (Str -4) [a neqoxec]
 72777 | Pan      | Entered the realm of Mnoleg.
 72793 | Pan      | Gained mutation: You occasionally shout uncontrollably at your foes. [a neqoxec]
 72805 | Pan      | Noticed Mnoleg
 72807 | Pan      | Paralysed by a floating eye for 2 turns
 72812 | Pan      | Killed Mnoleg
 72818 | Pan      | Gained mutation: You are very frail. (-20% HP) [a neqoxec]
 72826 | Pan      | Gained mutation: Your spells are a little easier to cast, but a little less powerful. [a neqoxec]
 72887 | Pan      | Got a glowing rune of Zot
 73144 | Pan      | Gained mutation: Scrolls take you a little longer to read. [a cacodemon]
 73172 | Pan      | Lost mutation: You have a pair of small horns on your head. [potion of mutation]
 73172 | Pan      | Lost mutation: You are very weak. (Str -4) [potion of mutation]
 73172 | Pan      | Lost mutation: You are weak. (Str -2) [potion of mutation]
 73172 | Pan      | Lost mutation: You are partially covered in thin metallic scales. (AC +2) [potion of mutation]
 73172 | Pan      | Lost mutation: You are very frail. (-20% HP) [potion of mutation]
 73172 | Pan      | Gained mutation: You have an increased reservoir of magic. (+10% MP) [potion of mutation]
 73172 | Pan      | Gained mutation: You can translocate small distances at will. [potion of mutation]
 73173 | Pan      | Lost mutation: You are frail. (-10% HP) [potion of mutation]
 73173 | Pan      | Lost mutation: Scrolls take you a little longer to read. [potion of mutation]
 73173 | Pan      | Gained mutation: You are resistant to electric shocks. (rElec) [potion of mutation]
 73327 | Pan      | Found an exit through the horrors of the Abyss.
 73450 | Pan      | Noticed Boajiass the pandemonium lord
 73465 | Pan      | Killed Boajiass the pandemonium lord
 73784 | Pan      | Entered the realm of Cerebov.
 73879 | Pan      | Found an exit through the horrors of the Abyss.
 74156 | Pan      | Noticed Cerebov
 74156 | Pan      | Killed Cerebov
 74187 | Pan      | Identified the +8 rapier of Insufficient Pleasure {speed, rC+} (You found it in Pandemonium)
 74302 | Pan      | Identified the +2 pair of boots "Xilant" {rN+ MR+} (You found it in Pandemonium)
 74415 | Pan      | Took an exit into the Abyss.
 74415 | Abyss:1  | Escaped into the Abyss
 74419 | Abyss:1  | Found a corrupted altar of Lugonu.
 75000 | Depths:3 | Escaped the Abyss
 75046 | Zig:1    | Entered Level 1 of a ziggurat
 75060 | Zig:1    | Lost mutation: Armour fits poorly on your strangely shaped body. [potion of mutation]
 75060 | Zig:1    | Lost mutation: Your mind is acute. (Int +2) [potion of mutation]
 75060 | Zig:1    | Gained mutation: You are surrounded by a mild repulsion field. (EV +2) [potion of mutation]
 75060 | Zig:1    | Gained mutation: You are resistant to hostile enchantments. (MR+) [potion of mutation]
 75063 | Zig:2    | Entered Level 2 of a ziggurat
 75092 | Zig:3    | Entered Level 3 of a ziggurat
 75120 | Zig:4    | Entered Level 4 of a ziggurat
 75151 | Zig:5    | Entered Level 5 of a ziggurat
 75202 | Zig:6    | Entered Level 6 of a ziggurat
 75273 | Zig:6    | Identified the +2 pair of boots of Noibehy {rC- Dex+4} (You acquired it on level 6 of a ziggurat)
 75276 | Zig:7    | Entered Level 7 of a ziggurat
 75315 | Zig:7    | Got a faintly glowing bronze ring
 75316 | Zig:7    | Identified the ring "Fele" {Int+4 Stlth-} (You found it on level 7 of a ziggurat)
 75325 | Zig:8    | Entered Level 8 of a ziggurat
 75400 | Zig:8    | Identified Sif Muna's Guide on the Birds and Orientation
 75407 | Zig:9    | Entered Level 9 of a ziggurat
 75407 | Zig:9    | Noticed Qrupt's ghost (legendary BaWn)
 75434 | Zig:9    | Killed Qrupt's ghost
 75510 | Zig:9    | Identified the +7 rapier "Pokhla" {flame, rPois MR+ MP+9} (You found it on level 9 of a ziggurat)
 75519 | Zig:10   | Entered Level 10 of a ziggurat
 75580 | Zig:11   | Entered Level 11 of a ziggurat
 75636 | Zig:11   | Got a scorched marble ring
 75637 | Zig:11   | Identified Uvemomat's Grimoire of Displaced Flames
 75638 | Zig:11   | Identified the ring "Yvuodikk" {Wiz rF+ Str+2} (You found it on level 11 of a ziggurat)
 75663 | Zig:12   | Entered Level 12 of a ziggurat
 75840 | Zig:13   | Entered Level 13 of a ziggurat
 75891 | Zig:13   | Gained mutation: You are weak. (Str -2) [a shining eye]
 75978 | Zig:14   | Entered Level 14 of a ziggurat
 76066 | Zig:15   | Entered Level 15 of a ziggurat
 76228 | Zig:16   | Entered Level 16 of a ziggurat
 76261 | Zig:16   | Noticed an ancient lich
 76268 | Zig:16   | Noticed an ancient lich
 76279 | Zig:16   | Killed an ancient lich
 76294 | Zig:16   | Killed an ancient lich
 76337 | Zig:16   | Got a transparent glass ring
 76338 | Zig:16   | Identified the ring "Onuggimm" {rC+++ Int+3 Slay+4 Stlth-} (You found it on level 16 of a ziggurat)
 76347 | Zig:17   | Entered Level 17 of a ziggurat
 76367 | Zig:17   | Reached skill level 27 in Invocations
 76375 | Zig:17   | Paralysed by accursed screaming for 1 turns
 76482 | Zig:17   | Identified the +5 large shield "Beownofe" {rF+} (You found it on level 17 of a ziggurat)
 76486 | Zig:17   | Got a glittering amber ring
 76487 | Zig:17   | Identified the ring "Nosiqeil" {MR- Str+6 Dex+4} (You found it on level 17 of a ziggurat)
 76504 | Zig:18   | Entered Level 18 of a ziggurat
 76569 | Zig:18   | Paralysed by a floating eye for 2 turns
 76626 | Zig:18   | Identified the +1 pair of boots of Lifelessness {rF++ rC+++ Int-5 Slay-3} (You found it on level 18 of a ziggurat)
 76633 | Zig:18   | Got an ancient jade ring
 76635 | Zig:18   | Identified the ring of the Establishment {Ice rElec} (You found it on level 18 of a ziggurat)
 76642 | Zig:18   | Got a fine lapis lazuli ring
 76643 | Zig:18   | Identified the ring "Wivveat" {Wiz rElec rN+++ MR-} (You found it on level 18 of a ziggurat)
 76665 | Zig:19   | Entered Level 19 of a ziggurat
 76760 | Zig:19   | Identified the Incunabulum of Flamy Feathers
 76781 | Zig:19   | Got a scintillating jade ring
 76783 | Zig:19   | Identified the ring of Vuupawog {*Drain +Inv rElec rPois EV+1} (You found it on level 19 of a ziggurat)
 76788 | Zig:19   | Got a faintly glowing turquoise ring
 76799 | Zig:19   | Identified the Reference Book on Assistive Snow
 76809 | Zig:20   | Entered Level 20 of a ziggurat
 76976 | Zig:20   | Identified the amulet "Dodue" {Inacc *Drain Str+6 Int+7} (You found it on level 20 of a ziggurat)
 76987 | Zig:20   | Identified the +8 scimitar of the Big Bang {vamp, Str+5} (You found it on level 20 of a ziggurat)
 76989 | Zig:20   | Identified the ring "Enereub" {rPois rN++} (You found it on level 19 of a ziggurat)
 77031 | Zig:21   | Entered Level 21 of a ziggurat
 77227 | Zig:21   | Identified the Volume of Bewitching Snow
 77256 | Zig:22   | Entered Level 22 of a ziggurat
 77269 | Zig:22   | Noticed Rusasch the pandemonium lord
 77290 | Zig:22   | Killed Rusasch the pandemonium lord
 77309 | Zig:22   | Noticed Howajott the pandemonium lord
 77311 | Zig:22   | Noticed Epronaosm the pandemonium lord
 77334 | Zig:22   | Noticed Gazi the pandemonium lord
 77341 | Zig:22   | Noticed Beneuh the pandemonium lord
 77341 | Zig:22   | Killed Howajott the pandemonium lord
 77344 | Zig:22   | Killed Gazi the pandemonium lord
 77355 | Zig:22   | Killed Beneuh the pandemonium lord
 77365 | Zig:22   | Noticed Katoer the pandemonium lord
 77367 | Zig:22   | Noticed Nuob the pandemonium lord
 77367 | Zig:22   | Noticed Pavopos the pandemonium lord
 77368 | Zig:22   | Noticed Gomy the pandemonium lord
 77370 | Zig:22   | Noticed Werimu Fuch the pandemonium lord
 77374 | Zig:22   | Noticed Nihu the pandemonium lord
 77393 | Zig:22   | Killed Katoer the pandemonium lord
 77394 | Zig:22   | Killed Werimu Fuch the pandemonium lord
 77402 | Zig:22   | Killed Nuob the pandemonium lord
 77406 | Zig:22   | Noticed Ininir the pandemonium lord
 77420 | Zig:22   | Killed Nihu the pandemonium lord
 77421 | Zig:22   | Killed Epronaosm the pandemonium lord
 77428 | Zig:22   | Killed Gomy the pandemonium lord
 77432 | Zig:22   | Killed Pavopos the pandemonium lord
 77438 | Zig:22   | Reached skill level 27 in Fighting
 77446 | Zig:22   | Killed Ininir the pandemonium lord
 77539 | Zig:22   | Identified the Handbook of Unholy Stones
 77554 | Zig:22   | Identified the +2 pair of boots "Hekhlager" {Dex+4} (You found it on level 22 of a ziggurat)
 77558 | Zig:22   | Reached skill level 27 in Shields
 77571 | Zig:23   | Entered Level 23 of a ziggurat
 77780 | Zig:24   | Entered Level 24 of a ziggurat
 78028 | Zig:25   | Entered Level 25 of a ziggurat
 78327 | Zig:25   | Identified the amulet "Gic Was" {Gourm rC++ MR+ Str+4} (You found it on level 25 of a ziggurat)
 78351 | Zig:26   | Entered Level 26 of a ziggurat
 78420 | Zig:26   | Reached skill level 27 in Armour
 78553 | Zig:27   | Entered Level 27 of a ziggurat
 78724 | Zig:27   | Noticed Zisuilec the pandemonium lord
 78740 | Zig:27   | Killed Zisuilec the pandemonium lord
 79110 | Zot:5    | Got the Orb of Zot
 79153 | Zot:5    | Noticed Orefeasimp the pandemonium lord
 79164 | Zot:5    | Killed Orefeasimp the pandemonium lord
 79188 | Zot:5    | Noticed Redwee Odoff the pandemonium lord
 79210 | Zot:5    | Killed Redwee Odoff the pandemonium lord
 79315 | Zot:1    | Reached skill level 27 in Stealth
 79347 | Zot:1    | Reached skill level 10 in Evocations
 79562 | D:11     | Noticed Qeock the pandemonium lord
 79572 | D:11     | Killed Qeock the pandemonium lord
 79832 | D:$      | Escaped with the Orb!

Vault maps used:
D:1:      dpeg_arrival_fog
D:2:      grunt_temple_overflow_order_and_chaos_2, minmay_misc_feat_alley,
          grunt_qazlal_clouds, uniq_natasha
D:3:      first_bread, okawaru_altar_gauntlet_db, uniq_grinder
D:4:      kennysheep_goblin_castle, minmay_temple_entry_enclosed_plants,
          gup_sewer_entry_bubbles
D:5:      cheibrodos_iron_armory, vehumet_statue, uniq_menkaure
D:6:      lemuel_slime, serial_shops, shop, uniq_prince_ribbit1
D:7:      serial_shops, shop_fountains, shop, nicolae_shop_crystal, shop, shop,
          nicolae_ossuary_entry_giza
D:8:      blue_anna_alchemist
D:9:      uniq_grum, uniq_maurice
D:10:     uniq_nergalle, uniq_erica
D:11:     lair_entry_dummy, serial_shops, shop_scrolls,
          portal_ice_cave_demonic_guard
D:12:     orc_0_dummy
D:13:     erik_vaults_2, basic_altar, serial_shops, nicolae_shop_waterfront,
          lemuel_flamethrower_3
D:14:     minmay_staircase_statues_hall_large, uniq_josephine, uniq_frances,
          uniq_sonja
D:15:     gammafunk_depths_entry_grave, minmay_misc_feat_iff, serial_shops,
          nicolae_shop_trees
Temple:   dpeg_five_rooms_temple
Lair:1:   grunt_megastairs_3
Lair:2:   roderic_carrion_pond, infiniplex_staircase_pool_2, lemuel_fruit_fields
Lair:3:   minmay_lair_oklob_chamber, serial_bayou_shore_a, serial_bayou_shore_b
Lair:4:   swamp_mist, dummy_snake_entry, serial_bayou_shore_b
Lair:5:   infiniplex_staircase_pool
Lair:6:   hangedman_lair_in_review, minmay_slime_entry_oklob_open,
          nicolae_volcano_entry_vermiform, st_stairs_9
Swamp:1:  evilmike_swamp_ruin_rubble_1, uniq_roxanne, uniq_donald
Swamp:2:  nicolae_swamp_phyte_club, serial_swamp_ruin, evilmike_swamp_ruin_wall,
          evilmike_swamp_ruin_rubble_2
Swamp:3:  hangedman_swamp_ruin_hall, swamp_pool2, nicolae_swamp_treefoil
Swamp:4:  swamp_old_school, swamp_pool3, uniq_kirke, uniq_jorgrun
Snake:1:  spider_trap, serial_bayou_shore_b
Snake:3:  minmay_shop_grove
Snake:4:  grunt_snake_rune_pools, uniq_mara
Slime:1:  nicolae_slime_jelly_donut, cheibrodos_slime_lost_civilization_7
Slime:2:  nicolae_slime_barrier
Orc:1:    special_room
Orc:2:    grunt_orc_gardens, grunt_orc_garden, grunt_orc_garden,
          grunt_orc_garden, grunt_orc_garden, serial_shops, shop, shop,
          nicolae_shop_stone, shop
Elf:1:    minmay_elf_arrival_summoners, hangedman_elf_disciples
Elf:2:    minmay_misc_feat_diagonals
Elf:3:    minmay_elf_hall, serial_shops, shop, minivault_14
Vaults:1: ontoclasm_vaults_fault, hangedman_vaults_locks, v_pattern_2,
          v_rooms_2, vaults_mumra_bighexcomb, hangedman_vaults_hat,
          vaults_room_door_ring, nicolae_vaults_ninety_degrees,
          nicolae_vaults_network_star, nicolae_vaults_little_squares_1,
          grunt_vaults_diagonal, vaults_room_pool, serial_shops, shop_fountains
Vaults:2: grunt_vaults_hallway_long, grunt_vaults_twisty,
          nicolae_vaults_border_crossing, hangedman_vaults_snaps,
          hangedman_vaults_maws, v_alt_pattern_5, nicolae_vaults_circle_grid_a,
          vaults_dpeg_hooks, vaults_room_corners, grunt_vaults_hallway_long,
          vaults_room_guarded_vault, serial_shops,
          nicolae_shop_temple_entry_statues_fountains, uniq_xtahua
Vaults:3: nicolae_vaults_circle_grid_a, hangedman_vaults_unwind,
          vaults_mumra_chevron_long, v_misc_29, v_alt_pattern_4,
          minmay_crypt_entry_simple_sparse, nicolae_vaults_shelves_hall,
          nicolae_vaults_theta, nicolae_vaults_shelves_hall, st_lines,
          vaults_mumra_minichess_inversion, uniq_saint_roka
Vaults:4: v_misc_26, vaults_room_hangedman_quadrants, v_misc_12, v_misc_14,
          hangedman_vaults_restitches, nicolae_vaults_mini_display_case,
          v_pattern_3, ontoclasm_vaults_pinch, grunt_vaults_swirl,
          vaults_mumra_lcd, vaults_dpeg_ring, vaults_room_semicircle
Vaults:5: uniq_mennas
Crypt:1:  uniq_margery
Crypt:3:  church_of_pain_bobbens, tomb_entry_forgotten_bobbens,
          lightli_enter_wizlab_magi_temple, minivault_19, uniq_boris,
          uniq_frederick
Tomb:3:   uniq_boris
Depths:1: serial_co_window_serial, co_window_paths_a, co_window_paths_a,
          co_window_cross_1, co_window_cross_1, co_window_paths_a,
          co_window_cross_4, co_window_unsneaky_path_d, co_window_broadway_a,
          co_window_2corner, co_window_corner_b, co_window_broadway_b,
          co_window_of_opportunity_b, co_window_paths_e, hell_entry,
          nrook_mini_backslash
Depths:2: minmay_open_boxes_in_corner, nicolae_trove_entry_crystal,
          pf_hell_entry_tar_river, fountainhead, abyss_entry,
          lightli_corner_chamber, minmay_shoptagon,
          minmay_staircase_statues_hall_small, uniq_sojobo, uniq_bai_suzhen,
          uniq_enchantress
Depths:3: minmay_the_grid_triangle_9x9_recursive_2, enter_ziggurat_e,
          lightli_too_deep, pan_entry, st_stairs_13
Depths:4: cheibrodos_poisonous_passages, grunt_hell_entry_dis_grunt,
          bh_walls_and_bars, abyss_entry_crystal
Depths:5: evilmike_zot_entry_argh, hangedman_coc_ice_floe
Dis:3:    nicolae_dis_lava_storage_tank
Dis:5:    evilmike_ambush
Dis:6:    hangedman_player_shredder
Dis:7:    dis_hangedman
Geh:1:    minmay_firetagon, lemuel_hellion_isle
Geh:4:    grunt_megastairs_5
Geh:5:    grunt_deathspiral_small
Geh:7:    geh_grunt_pentagon
Coc:7:    coc_grunt
Tar:1:    nicolae_tar_cuneiform_to_be, nicolae_tar_cuneiform_not
Tar:2:    lemuel_nasty_fountain
Tar:7:    tar_mu
Zot:1:    circus_mu, hangedman_snap_crack_crunch
Zot:2:    basic_stair_grate_trap
Zot:4:    lemuel_draconian_sentries
Abyss:1:  evilmike_abyss_exit_3
Abyss:5:  evilmike_abyss_rune_elephants_shrine, hangedman_abyss_exit_choices
Pan:      evilmike_mini_pan_T, evilmike_mini_pan_doors, rand_demon_3,
          nicolae_pan_giant_door, pan_blood_fountain, evilmike_mini_pan_corner,
          evilmike_mini_pan_V, rand_demon_1, pan_disco_hall,
          pan_blood_fountain_2, rand_demon_9, nicolae_pan_cerebovesque_1,
          evilmike_mini_pan_pillars_b, pan_blood_fountain_small,
          grunt_pan_sceptre, nicolae_pan_giant_door, pan_blood_fountain,
          nicolae_pan_mnolegish_4, lemuel_hall_of_pain, pan_blood_fountain_2,
          evilmike_mini_pan_diamond, rand_demon_7, grunt_pan_zigzag,
          pan_blood_fountain_small, reaverb_pan_squares, rand_demon_8,
          grunt_pan_frozen_over, lom_lobon_st, evilmike_mini_pan_pillars,
          rand_demon_9, evilmike_mini_pan_doors_b, evilmike_mini_pan_layers,
          grunt_pan_sceptre, pan_blood_fountain, nicolae_pan_sigil_uleosi,
          evilmike_mini_pan_layers, gloorx_vloq_grunt, special_room,
          nicolae_pan_cerebovesque_3, nicolae_pan_sigil_nadil,
          evilmike_mini_pan_corridor, evilmike_mini_pan_T,
          nicolae_pan_sigil_nadil, evilmike_mini_pan_V, evilmike_mnoleg_eyes,
          rand_demon_6, nicolae_pan_sigil_eeng, evilmike_mini_pan_layers,
          evilmike_mini_pan_layers, nicolae_pan_mnolegish_5,
          evilmike_cerebov_lava
Zig:3:    ziggurat_pillar_centre_c
Zig:13:   ziggurat_pillar_centre_oklobs
Zig:17:   ziggurat_pillar_centre_dead_trees
Zig:21:   ziggurat_pillar_centre_smoke
Zig:27:   ziggurat_pillar_centre_drop
Trove:    trove_armour_1
Sewer:    sewer_co_cracked_pipes
Ossuary:  ossuary_minmay_chase
Volcano:  volcano_overflow
WizLab:   wizlab_lehudib

Skill      XL: |  1  2  3  4  5  6  7  8  9 10 11 12 13 14 15 16 17 18 19 20 21 22 23 24 25 26 27 |
---------------+----------------------------------------------------------------------------------+-----
Short Blades   | 2 3 4 5 6 7 8 9 10 11 12 13 14 | 14.0
Shields        | 3 4 5 6 7 8 9 10 11 12 13 14 15 16 17 27 | 27.0
Fighting       | 3 4 5 6 7 8 9 10 11 12 13 14 15 16 17 27 | 27.0
Armour         | 3 4 5 6 7 8 9 10 11 12 13 14 15 27 | 27.0
Dodging        | 1 2 3 4 5 6 7 8 9 10 11 12 13 14 15 16 17 18 27 | 27.0
Invocations    | 1 3 4 5 6 7 8 9 10 11 12 13 14 15 16 17 18 27 | 27.0
Stealth        | 1 6 8 10 27 | 27.0
Evocations     | 3 5 7 8 9 11 | 11.1
Long Blades    | |  0.3

Action                   |  1- 3 |  4- 6 |  7- 9 | 10-12 | 13-15 | 16-18 | 19-21 | 22-24 | 25-27 || total
-------------------------+-------+-------+-------+-------+-------+-------+-------+-------+-------++-------
Melee: Rapier            |    87 |   143 |       |   161 |   237 |  1031 |  1274 |  1502 |  9207 || 13642
       Bite              |    10 |    39 |   172 |   367 |   597 |   575 |   584 |   752 |  5289 ||  8385
       Dagger            |       |     9 |   464 |   694 |       |       |       |       |       ||  1167
       Scimitar          |       |       |       |    37 |    20 |       |       |       |       ||    57
       Short sword       |       |       |       |       |  1034 |   115 |       |       |       ||  1149
       Quick blade       |       |       |       |       |    51 |       |       |       |       ||    51
       Headbutt          |       |       |       |       |       |       |       |       |  1181 ||  1181
Throw: Javelin           |       |       |     6 |       |       |       |       |       |       ||     6
       Throwing net      |       |       |       |       |       |       |       |       |     2 ||     2
Invok: Stomp             |       |       |       |       |     2 |       |       |       |       ||     2
       Grand Finale      |       |       |       |       |     2 |     1 |     2 |     4 |    43 ||    52
       Line Pass         |       |       |       |       |       |     1 |     1 |     1 |    18 ||    21
 Abil: Evoke Berserk Rag |       |       |     2 |     7 |     1 |       |       |       |       ||    10
Evoke: Wand              |     7 |     2 |     5 |    14 |     3 |     4 |     6 |       |    37 ||    78
       Lamp of fire      |       |       |       |       |       |       |       |       |     4 ||     4
       Lightning rod     |       |       |       |       |       |       |       |       |     4 ||     4
  Use: Scroll            |     4 |     3 |     4 |    14 |    18 |    15 |    10 |     8 |   116 ||   192
       Potion            |       |     3 |     5 |     1 |     3 |     1 |       |     1 |    55 ||    69
 Stab: Paralysed         |       |     1 |    11 |    41 |   103 |   111 |   111 |   131 |   826 ||  1335
       Confused          |       |       |       |     2 |       |     1 |       |       |    10 ||    13
       Invisible         |       |       |       |       |     4 |       |       |       |    14 ||    18
       Petrified         |       |       |       |       |     4 |       |       |       |       ||     4
       Sleeping          |       |       |       |       |       |       |       |     2 |    22 ||    24
       Distracted        |       |       |       |       |       |       |       |     1 |    20 ||    21
       Held in net/web   |       |       |       |       |       |       |       |       |     2 ||     2
  Eat: Chunk             |     2 |     6 |    13 |    24 |    31 |    25 |    21 |    13 |    30 ||   165
       Royal jelly       |       |       |     1 |     1 |     2 |     1 |       |       |       ||     5
       Meat ration       |       |       |       |       |       |       |     1 |     3 |    25 ||    29
       Bread ration      |       |       |       |       |       |       |       |       |     7 ||     7
       Fruit             |       |       |       |       |       |       |       |       |     1 ||     1
Armor: Scale mail        |    45 |    13 |       |       |     6 |   297 |    82 |       |       ||   443
       Chain mail        |       |    29 |    87 |       |       |       |       |       |       ||   116
       Plate armour      |       |       |    60 |   362 |   383 |       |       |       |       ||   805
       Storm dragon scal |       |       |       |       |       |       |   142 |   332 |  1091 ||  1565
       Pearl dragon scal |       |       |       |       |       |       |       |       |   282 ||   282
Dodge: Dodged            |    35 |    20 |    83 |   192 |   282 |   460 |   218 |   301 |  2973 ||  4564
Block: Shield            |    61 |    68 |   174 |   385 |   492 |   421 |       |       |       ||  1601
       Reflection        |       |       |       |       |       |    18 |       |       |       ||    18
       Large shield      |       |       |       |       |       |   331 |   812 |  1038 |  8577 || 10758
       Rpst.: Scimitar   |       |       |       |     1 |     1 |       |       |       |       ||     2
